AoeStats
← Thomas

African Clearing

510460519Analyzed
4v4 RM · 1d ago on Oct 1, 2026· 61m 48s· 8 players
Game mode
Random Map
Map size
Large (8 player)
Population
200
Speed
Normal
Resources
Standard
Victory
Conquest
Starting age
Dark Age
Ending age
Imperial Age
RankedLock teamsTeams togetherTeam positionsShared explorationLock speedFull tech treeHidden civsTurbo modeCheats
Victory
Defeat
🇺🇸 Persians · United States
1187
+13
🇨🇳 Japanese · China
1136
+15
🇲🇽 Saxons · Mexico
1117
+16
🇹🇷 Varangians · Türkiye
1104
+16
🇳🇮 Goths · Nicaragua
1178
-17
🇨🇱 Jurchens · Chile
1131
-16
🇳🇮 Burgundians · Nicaragua
1123
-15
🇨🇱 Britons · Chile
1043
-12
[MIAAU] GM Panzer IV
11:48 Loom
13:34 Feudal Age
17:36 Castle Age
16:21 Forging
17:59 Light Cavalry
18:41 Husbandry
22:14 Scale Barding Armor
31:34 Fletching
33:39 Wheelbarrow
37:51 Imperial Age
38:45 Chain Barding Armor
38:41 Horse Collar
38:25 Cavalier
39:16 Bloodlines
40:44 Iron Casting
43:00 Heavy Plow
42:46 Double-Bit Axe
45:16 Fishing Lines
45:47 Elite Varangian Guard
47:15 Scale Mail Armor
47:18 Squires
48:03 Shield Wall
49:01 Chain Mail Armor
49:36 Gillnets
50:17 Crop Rotation
49:58 Bow Saw
51:04 Gold Mining
51:04 Stone Mining
52:17 Two-Man Saw
52:43 Gold Shaft Mining
52:00 Town Watch
52:31 Hand Cart
53:03 Plate Mail Armor
52:34 Gambesons
53:10 Arson
57:52 Ballistics
57:58 Conscription
58:10 Arrowslits
58:17 Guard Tower
58:23 Murder Holes
59:44 Keep
59:22 Masonry
58:55 Treadmill Crane
60:16 Chemistry
61:19 Bodkin Arrow
evertone
3:40 Loom
14:31 Feudal Age
21:25 Castle Age
32:11 Wheelbarrow
31:23 Double-Bit Axe
31:20 Horse Collar
32:22 Stone Mining
32:23 Gold Mining
35:55 Hand Cart
35:51 Bow Saw
35:50 Heavy Plow
38:54 Town Watch
39:53 Gold Shaft Mining
39:54 Stone Shaft Mining
39:57 Bloodlines
39:48 Husbandry
39:54 Scale Barding Armor
40:00 Forging
40:21 Town Patrol
42:20 Chain Barding Armor
42:36 Iron Casting
44:35 Imperial Age
45:02 Elite War Elephant
46:03 Conscription
46:54 Two-Man Saw
46:33 Crop Rotation
46:44 Heavy Camel Rider
48:32 Blast Furnace
48:08 Plate Barding Armor
56:02 Padded Archer Armor
55:48 Capped Ram
57:58 Thumb Ring
57:14 Crossbowman
59:25 Chemistry
58:46 Ballistics
58:42 Leather Archer Armor
58:18 Fletching
59:59 Ring Archer Armor
60:40 Kamandaran
60:51 Citadels
60:38 Bodkin Arrow
61:10 Siege Ram
baha
6:37 Loom
9:32 Loom
12:21 Feudal Age
17:41 Castle Age
17:38 Double-Bit Axe
25:53 Horse Collar
28:47 Heavy Plow
29:01 Bow Saw
30:55 Wheelbarrow
31:36 Town Watch
35:07 Imperial Age
32:54 Hand Cart
33:31 Scale Barding Armor
33:37 Forging
33:32 Scale Mail Armor
33:45 Squires
33:30 Arson
33:31 Gambesons
34:15 Town Patrol
35:36 Iron Casting
35:17 Chain Mail Armor
35:50 Scale Barding Armor
35:10 Elite Jarl
36:11 Conscription
QUR&Sugar
3:14 Loom
12:11 Feudal Age
16:43 Castle Age
16:48 Wheelbarrow
18:38 Stone Mining
18:46 Double-Bit Axe
26:09 Forging
26:12 Scale Mail Armor
27:09 Squires
28:02 Arson
28:52 Fletching
30:55 Chain Mail Armor
32:27 Iron Casting
39:49 Pikeman
45:13 Gold Mining
46:40 Gambesons
46:20 Man-at-Arms
56:22 Horse Collar
57:59 Gold Shaft Mining
57:51 Hand Cart
Naxzh Foster
3:26 Loom
13:22 Feudal Age
14:46 Double-Bit Axe
18:12 Castle Age
19:00 Horse Collar
19:33 Bow Saw
21:28 Heavy Plow
23:19 Wheelbarrow
25:11 Hand Cart
26:10 Stone Mining
27:44 Gold Mining
28:29 Stone Shaft Mining
33:09 Imperial Age
30:57 Scale Mail Armor
31:08 Forging
31:06 Squires
30:31 Pikeman
31:04 Treadmill Crane
31:46 Ballistics
31:22 Murder Holes
32:17 Anarchy
33:20 Iron Casting
33:00 Chain Mail Armor
33:11 Fletching
33:34 Masonry
33:55 Elite Huskarl
35:14 Town Watch
36:05 Perfusion
36:27 Conscription
38:06 Blast Furnace
37:01 Bodkin Arrow
38:10 Chemistry
38:16 Crop Rotation
39:17 Town Patrol
39:24 Bracer
41:02 Padded Archer Armor
41:07 Scale Barding Armor
41:36 Architecture
43:58 Two-Man Saw
43:32 Halberdier
44:40 Leather Archer Armor
44:45 Chain Barding Armor
48:30 Heated Shot
48:12 Man-at-Arms
49:24 Ring Archer Armor
52:02 Long Swordsman
52:40 Two-Handed Swordsman
54:04 Two-Handed Swordsman
54:21 Champion
58:07 Capped Ram
El tío Furcio!
7:34 Loom
9:43 Double-Bit Axe
12:46 Wheelbarrow
14:53 Feudal Age
19:53 Castle Age
20:40 Cavalier
21:21 Husbandry
21:34 Forging
21:31 Scale Barding Armor
26:58 Gold Mining
26:54 Horse Collar
28:52 Gold Shaft Mining
30:26 Chain Barding Armor
32:00 Bow Saw
31:52 Heavy Plow
36:27 Hand Cart
38:40 Iron Casting
43:01 Imperial Age
40:17 Town Watch
43:10 Paladin
44:55 Blast Furnace
44:31 Plate Barding Armor
45:59 Burgundian Vineyards
48:39 Two-Man Saw
49:09 Chemistry
48:30 Ballistics
50:02 Light Cavalry
51:26 Town Patrol
51:24 Pikeman
52:04 Squires
51:50 Arson
52:04 Hussar
52:45 Scale Mail Armor
53:10 Caravan
52:50 Halberdier
54:23 Chain Mail Armor
55:37 Plate Mail Armor
55:57 Conscription
Kenchard
9:03 Loom
15:48 Feudal Age
31:52 Double-Bit Axe
Thomas
12:50 Feudal Age
13:53 Double-Bit Axe
20:35 Castle Age
21:12 Fletching
22:06 Bow Saw
26:40 Bodkin Arrow
29:13 Gold Mining
30:37 Yeomen
30:23 Loom
32:06 Ballistics
Connection lost

Rejoining the realm…

Still unreachable

The connection could not be restored.

Session expired

The server has moved on; the page needs a fresh start.